 Dungeon Crawl Stone Soup version 0.25-a0-890-g62861fb195 (webtiles) character file.

Game seed: 15232003836679011315, levelgen mode: deterministic

4 Esekla the Conjurer (level 1, 0/13 HPs)
             Began as a Formicid Conjurer on May 2, 2020.
             Slain by a hound (1 damage)
             ... on level 5 of the Dungeon.
             The game lasted 00:04:55 (591 turns).

Esekla the Conjurer (Formicid Conjurer)              Turns: 591, Time: 00:04:56

Health: 0/13       AC:  2    Str: 12    XL:     1   Next: 66%
Magic:  0/3        EV: 12    Int: 14    God:
Gold:   55         SH:  0    Dex: 11    Spells: 3/4 levels left

rFire    . . .     SeeInvis +   l - +0 dagger
rCold    . . .     Gourm    .   (no shield)
rNeg     . . .     Faith    .   a - +0 robe
rPois    .         Spirit   .   (helmet unavailable)
rElec    .         Reflect  .   (no cloak)
rCorr    .         Harm     .   (no gloves)
MR       .....                  (no boots)
Stlth    ++........             j - amulet of the acrobat
HPRegen  0.04/turn              (no ring)
MPRegen  0.08/turn              (no ring)

@: very slightly contaminated
A: permanent stasis, dig shafts and tunnels, four strong arms, antennae 3
a: Dig, Shaft Self


You were on level 5 of the Dungeon.
You were not hungry.

You visited 1 branch of the dungeon, and saw 5 of its levels.

You collected 55 gold pieces.

Inventory:

Hand Weapons
 l - a +0 dagger (weapon)
Missiles
 d - 6 poisoned darts (quivered)
Armour
 a - a +0 robe (worn)
Jewellery
 j - an amulet of the acrobat (around neck)
Scrolls
 e - a scroll of noise {unknown}
 g - a scroll of amnesia {unknown}
 i - a scroll of magic mapping {unknown}
 k - a scroll of enchant weapon {unknown}
 m - a scroll of immolation {unknown}
 n - a scroll of identify {unknown}
Potions
 b - a potion of lignification {unknown}
 f - a potion of heal wounds {unknown}
 h - a potion of ambrosia {unknown}
Comestibles
 c - 2 rations


   Skills:
 * Level 0.2 Fighting
 * Level 0.1 Armour
 + Level 1.7 Dodging
 - Level 2.4 Stealth
 + Level 2.2 Spellcasting
 + Level 3.7 Conjurations


You had 3 spell levels left.
You knew the following spells:

 Your Spells              Type           Power        Failure   Level  Hunger
a - Magic Dart            Conj           ##..         4%          1    #......

Your spell library contained the following spells:

 Spells                   Type           Power        Failure   Level  Hunger
 Searing Ray              Conj           ##....       8%          2    ###....
 Dazzling Flash           Conj/Hex       #.....       32%         3    ###....
 Fulminant Prism          Conj/Hex       #.........   71%         4    #####..
 Iskenderun's Mystic Bla  Conj/Tloc      #.......     71%         4    #####..


Dungeon Overview and Level Annotations

Branches:
Dungeon (3/15)

Altars:

Annotations:
D:2 Terence


Innate Abilities, Weirdness & Mutations

You cannot be hasted, slowed, berserked, paralysed or teleported.
You can dig through walls and to a lower floor.
Your four strong arms can wield two-handed weapons with a shield.
You have a pair of large antennae on your head. (SInv)


Message History

You are very lightly contaminated with residual magic.
Nothing appears to happen.
The hound barely misses you. The hound bites you but does no damage.
Casting: Magic Dart (safe; 4% risk of failure)
Confirm with . or Enter, or press ? or * to list all spells.
You don't have enough magic to cast that spell.
Unknown command.
Unknown command.
You completely miss the hound.
The hound is lightly wounded.
The hound bites you but does no damage.
You hit the hound.
The hound is moderately wounded.
The hound stops to sniff the ground.
The hound bites you. x2
* * * LOW HITPOINT WARNING * * *
You closely miss the hound.
The hound is moderately wounded.
The hound bites you.
You die...

# #%# #...###
.......#####
#(......h@.#####
##.............######
###...###..........######
##.. #####............
##. ####......... ##
##........ .........
.......... #..........


You could see a hound.

Vanquished Creatures
  A leopard gecko (D:2)
  A goblin (D:2)
  A bat (D:2)
3 creatures vanquished.

Notes
Turn   | Place    | Note
-------+----------+-------------------------------------------
     0 | D:1      | Esekla the Formicid Conjurer began the quest for the Orb.
     0 | D:1      | Reached XP level 1. HP: 13/13 MP: 3/3
   136 | D:1      | You fall into a shaft and drop 1 floor!
   239 | D:2      | Noticed Terence
   535 | D:2      | You fall into a shaft and drop 2 floors!
   535 | D:4      | Noticed a worker ant
   554 | D:4      | Noticed an orc priest
   569 | D:4      | You fall into a shaft and drop 1 floor!
   569 | D:5      | Entered Level 5 of the Dungeon
   579 | D:5      | Noticed a hound
   591 | D:5      | Slain by a hound

Levels and vault maps discovered:
D:1:      minmay_arrival_nine_rooms, layout_basic
D:2:      minmay_alternating_diamond, layout_basic, first_ration, uniq_terence
D:3:      minmay_evil_eye, layout_basic, uniq_jessica, uniq_sigmund,
          uniq_natasha
D:4:      layout_basic, uniq_ijyb
D:5:      layout_cave_pods

Action                   || total
-------------------------++-------
Melee: Dagger            ||     3
Throw: Dart              ||     3
 Cast: Magic Dart        ||     8
 Abil: Shaft Self        ||     3
Armor: Robe              ||     2
Dodge: Dodged            ||    13

Table legend:
 A = Non-vault XP
 B = Vault XP
 C = Vault XP percentage of total XP
 D = Non-vault monster count
 E = Vault monster count
 F = Vault count percentage of total count
                 A         B        C        D         E       F
            +---------+---------+-------+---------+---------+-------
      Total |       3 |       3 |  50.0 |       2 |       1 |  33.3
            +---------+---------+-------+---------+---------+-------
        D:2 |       3 |       3 |  50.0 |       2 |       1 |  33.3
            +---------+---------+-------+---------+---------+-------
